 Dungeon Crawl Stone Soup version 0.26.1-11-gd32895ea62 (webtiles) character file.

Game seed: 2794505538157110560

46 Zeld the Insei (level 3, -4/23 HPs)
             Began as an Octopode Transmuter on May 26, 2021.
             Killed from afar by a white imp (7 damage)
             ... with a puff of frost
             ... on level 6 of the Dungeon.
             The game lasted 00:01:13 (1228 turns).

Zeld the Insei (Octopode Transmuter)                Turns: 1228, Time: 00:01:14

Health: -4/23      AC:  3    Str: 10    XL:     3   Next: 66%
Magic:  6/6        EV: 13    Int: 15    God:
Gold:   26         SH:  0    Dex: 12    Spells: 1/7 levels left

rFire    . . .     SeeInvis .     - Unarmed
rCold    . . .     Faith    .   (no shield)
rNeg     . . .     Spirit   .   a - +2 hat
rPois    .         Reflect  .   (no amulet)
rElec    .         Harm     .   (no ring)
rCorr    .         Rampage  .   (no ring)
Will     .....                  (no ring)
Stlth    ++........             (no ring)
HPRegen  0.07/turn              (no ring)
MPRegen  0.10/turn              (no ring)
                                (no ring)
                                (no ring)

@: no status effects
A: almost no armour, stealthy swim, amphibious, 8 rings, constrict 8, camouflage
1, gelatinous body 1
a: no special abilities


You were on level 6 of the Dungeon.
You visited 1 branch of the dungeon, and saw 6 of its levels.

You collected 26 gold pieces.

Inventory:

Armour
 a - a +2 hat (worn)
Wands
 c - a wand of flame (13)
Scrolls
 b - a scroll of remove curse {unknown}
 d - a scroll of identify {unknown}
Potions
 e - a potion of cancellation {unknown}


   Skills:
 + Level 1.5 Fighting
 + Level 2.3 Dodging
 - Level 3.0 Unarmed Combat
 * Level 2.6 Spellcasting
 * Level 2.8 Transmutations


You had one spell level left.
You knew the following spells:

 Your Spells              Type           Power        Failure   Level
a - Beastly Appendage     Tmut           20%          7%          1
b - Wereblood             Tmut           10%          10%         2
c - Spider Form           Tmut/Pois      3%           34%         3

Your spell library contained the following spells:

 Spells                   Type           Power        Failure   Level
 Ice Form                 Ice/Tmut       6%           75%         4
 Blade Hands              Tmut           5%           88%         5


Dungeon Overview and Level Annotations

Branches:
Dungeon (6/15)
 Temple: D:4-7

Altars:
Ru

Annotations:
D:4 Grinder


Innate Abilities, Weirdness & Mutations

You cannot wear most types of armour.
You are very stealthy in the water. (Stealth+)
You are amphibious.
You can wear up to eight rings at the same time.
You can use your tentacles to constrict eight enemies at once.
Your skin changes colour to match your surroundings (Stealth+).
Your rubbery body absorbs attacks. (AC +1, EV +1)


Message History

The puff of frost hits you!
Ouch! That really hurt!
* * * LOW HITPOINT WARNING * * *
You barely miss the white imp. You grab the white imp.
You squeeze the white imp.
The white imp is heavily wounded.
You constrict the white imp, but do no damage.
The jackal bites you.
* * * LOW HITPOINT WARNING * * *
The jackal barely misses you.
The jackal bites you but does no damage.
You tentacle-slap the white imp.
The white imp is heavily wounded.
You constrict the white imp, but do no damage.
The jackal bites you but does no damage.
The jackal closely misses you.
The jackal bites you but does no damage.
The white imp gestures at you. The puff of frost hits you!
You die...

#....## #.....#
#.....# #.....####
. #......#.# ...
##........##
....##..........##
......hho........#
#....lh@5#...#####
##....####...#
##... #...# ##
##5.# #..# #o.#
#..# .... ..###


You could see a white imp, an orc, a leopard gecko and 3 jackals.

Vanquished Creatures
  A centaur skeleton (D:6)
  An ooze (D:6)
  A ball python (D:3)
  A bat (D:3)
  A goblin (D:1)
  5 jackals
  A kobold (D:2)
11 creatures vanquished.

Notes
Turn   | Place    | Note
-------+----------+-------------------------------------------
     0 | D:1      | Zeld the Octopode Transmuter began the quest for the Orb.
     0 | D:1      | Reached XP level 1. HP: 13/13 MP: 3/3
    26 | D:1      | Reached XP level 2. HP: 6/18 MP: 5/5
    29 | D:1      | Learned a level 2 spell: Wereblood
   478 | D:2      | Found a faded altar of an unknown god.
   631 | D:4      | Found a sacrificial altar of Ru.
   652 | D:4      | Noticed Grinder
   681 | D:5      | Entered Level 5 of the Dungeon
   681 | D:5      | Noticed an ogre
   950 | D:6      | Reached XP level 3. HP: 13/23 MP: 4/6
  1095 | D:6      | Learned a level 3 spell: Spider Form
  1228 | D:6      | Killed from afar by a white imp

Illustrated notes

Levels and vault maps discovered:
D:1:      lightli_arrival_chessboard, layout_rooms, hangedman_decor_growths,
          minmay_pentomino_x4
D:2:      layout_basic, chequers_ecumenical_altar_twisty,
          minmay_rat_gold_closets
D:3:      layout_loops_ring
D:4:      layout_loops_ring, nicolae_ru_awakened_eye, uniq_sigmund, uniq_grinder
D:5:      layout_loops_ring, minmay_temple_entry_sparse_star,
          corexii_checkpoint_b, uniq_crazy_yiuf_cottage
D:6:      layout_layer_cave, chei_slow_surprise

Action                   || total
-------------------------++-------
Melee: Unarmed           ||    34
       Constrict         ||     7
       Kick              ||     7
       Punch             ||     1
       Tentacles         ||     5
 Cast: Beastly Appendage ||     7
Armor: Skin              ||     7
Dodge: Dodged            ||    36
